Workbook
Name Category: Lists!$F$3:$F$7
Name Dates: #REF!
Name Dates: #REF!
Name Dates: #REF!
Name Dates: #REF!
Name Issues: #REF!
Name Issues: #REF!
Name Issues: #REF!
Name Issues: #REF!
Name Open_Closed: Lists!$E$3:$E$4
Name priority: Lists!$D$3:$D$5
Name Project_Start: [1]Gantt!$F$3
Name Project_Start: Schedule!$F$3
Name Reqs_Category: Lists!$B$3:$B$7
Name Reqs_Status: Lists!$C$3:$C$6
Name Scrolling_Increment: [1]Gantt!$F$4
Name Scrolling_Increment: Schedule!$F$4
Name status: #REF!
Name status: #REF!
Name status: #REF!
Name Status: Lists!$G$3:$G$5
Name Today: TODAY()

Sheet Document Map
A1: Project Document Map
A2: Document | B2: Purpose and Content | C2: Owner | D2: Contributors | E2: Approver | F2: When Issued
A3: Charter | B3: Formally authorises the Project and the Project Manager. Provides high-level requirements. Lists major Assumptions and Constraints. | C3: Sponsor | D3: PM & Sponsor | E3: Sponsor | F3: Project Start
A4: Stakeholder Register | B4: Identifies Stakeholders. Provides Contact Details and lists Stakeholder involvement. | C4: PM | D4: PM & Team | E4: PM | F4: After the Charter and on update
A5: Requirements Document | B5: Records Requirements. Lists Requirement Categories, Descriptions and Source Stakeholders. | C5: PM | D5: PM, Team, Sponsor & other Stakeholders | E5: PM, Sponsor & Client | F5: After the Charter and on update
A6: Issue Log | B6: Lists, tracks and records resolutions to elements and unplanned events under discussion or in dispute between stakeholders. | C6: PM | D6: PM & Team | E6: PM | F6: After the Charter and on update
A7: Document Distribution Matrix | B7: Maps anticipated project documents to their Originators/Publishers and to their Receivers | C7: PM | D7: PM & Team | E7: PM | F7: After the Charter and on update
A8: Scope Statement | B8: Describes in detail the Deliverables and the work required to create them. Lists Project Exclusions. Describes major Objectives (Time, Cost, Performance). | C8: PM | D8: PM, Team, Sponsor & Primary Stakeholders | E8: PM (& Sponsor) | F8: After the Charter and on update
A9: Work Breakdown Structure (WBS) | B9: A hierarchical organisation of the total work to be carried out to accomplish the Project Objectives and produce the required Deliverables. Presented as an Organisation Chart of Work. | C9: PM | D9: PM, Team, Sponsor & Primary Stakeholders | E9: PM | F9: After Scope Statement 0.1 and on update
A10: Schedule | B10: Scope superimposed on a calendar scale. Displays the planned sequence of Work, Milestones and Resource assignments. Can display Critical Path, Baseline Data and Tracked Progress. | C10: PM | D10: PM & Team | E10: PM | F10: After WBS 0.1 and on update
A11: Responsibility Assignment Matrix (RAM) | B11: Table that maps Stakeholders to Scope based on 'Participation; Accountability; Review; Input; Sign-Off' | C11: PM | D11: PM, Team, Sponsor & Primary Stakeholders | E11: PM | F11: After WBS 0.1 and on update
A12: Risk Register | B12: Documents Risks identified/anticipated and provides management focus (High;Medium;Low). Documents Response Plans and results if implemented. Documents Risk Status (Open/Closed). | C12: PM | D12: PM & Team | E12: PM | F12: After WBS 0.1 and on update
A13: Change Request Form | B13: Formal request to change Scope, Documentation, Budgets, Resources etc. Evaluates the consequences of Change (Time, Cost, Performance). Records the Approval or Rejection of the Change. | C13: PM | D13: PM, Team, Sponsor & other Stakeholders | E13: PM; PM and/or Sponsor and/or Primary Stakeholders | F13: After Baselining (Scope Statement 1.0 etc.) and on update
... A15: Closeout Report | B15: Formal review of Project outcomes and success. Summary of the Lessons Learned gathered throughout the Lifecycle. Formally Closes the Project. | C15: PM | D15: PM & Team | E15: PM & Sponsor | F15: At Project Closeout
A17: Created by:
A18: Alan McLoughlin
A19: KM Consultancy Services
A20: alan@kmconsult.ie

Sheet Project Charter
A1: Project Charter | I1: Logo
A2: Project Name | G2: Project No.
A3: 1. Project Description [Describe what the overall project output, service or result will be]
A9: 2. Business Need/Justification [Descibe the reason(s) for the project; a specific contract; expected benefits to be realised]
A15: 3. High Level Milestones [List significant Deliverables and expected achievement dates]
A21: 4. High Level Risks [List any risks anticipated for this project]
A27: 5. Expected Primary Stakeholders [List Individual or Group Stakeholders anticipated at this time]
A33: 6. Assumptions [Describe any assumptions being made, e.g., staff will be made available by Line Managers]
A39: 7. Expected Finish Date | F39: 8. Expected Cost
A41: 9. Project Manager | F41: 10. Project Sponsor
F43: Sponsor Signature:
F44: Date:

Sheet Stakeholder Register
A1: Stakeholder Register
A2: Project Name: | B2: ='Project Charter'!B2:$F$2 -> 0 | F2: Project No.: | G2: ='Project Charter'!$H$2 -> 0 | H2: Revision Date: | J2: Revision No.: | K2: 0
A3: Stakeholder Details | G3: Describe Involvement & Expectations | I3: Engagement Strategy | K3: Category
A4: Name | B4: Role/Title/Position | C4: Organisation/Dept | D4: Contact Number(s) | E4: Email | F4: Location

Sheet Requirements Doc
A1: Requirements Document | I1: Project Manager: | J1: ='Project Charter'!A42 -> 0
A2: Project Name: | C2: ='Project Charter'!B2 -> 0 | E2: Project No.: | G2: ='Project Charter'!H2 -> 0 | H2: Revision Date: | J2: Revision No.:
A3: Requirement ID | B3: Date Identified | C3: Requirement Description | D3: Category | E3: Source Stakeholder | F3: Priority | G3: Acceptance Criteria | H3: Dependencies | I3: Assumptions | J3: Constraints | K3: Status | L3: Verification Method

Sheet Issue Log
A1: Issue Log | I1: Project Manager: | J1: ='Project Charter'!A42 -> 0
A2: Project Name: | C2: ='Project Charter'!B2 -> 0 | E2: Project No.: | F2: ='Project Charter'!$H$2 -> 0 | G2: Revision Date: | J2: Revision No.: | L2: 0
A3: Issue No. | B3: Date Raised | C3: Issue Name | D3: Issue Description and Area it affects | E3: Issue Source | F3: Issue Owner | G3: Actions Taken | H3: Issue Priority | I3: Actions To be Taken | J3: Review Date | K3: Open/Closed | L3: Date Closed

Sheet Doc Distribution
B1: Document Distribution Matrix
B2: Project Name: | D2: ='Project Charter'!B2 -> 0 | G2: Project No. | H2: ='Project Charter'!H2 -> 0 | I2: Date:
B3: Originators | G3: Receivers
A4: Document Name | B4: Project Manager | C4: Project Team | D4: Project Participants (incl. Contractors) | E4: Sponsor | F4: Primary Stakeholders | G4: Project Manager | H4: Project Team | I4: Project Participants (incl. Contractors) | J4: Sponsor | K4: Primary Stakeholders
A5: Project Charter
A6: Stakeholder Register
A7: Requirements Document
A8: Scope Statement
A9: Work Breakdown Structure
A10: Gantt Chart
A11: RAM
A12: Risk Register
A13: Change Requests
A14: Status/Progress Report
A15: Project Closure Report
A16: Lessons Learned Report
C19: Once Off | H19: Once per Month
C20: Once per Week | H20: On Update/Change
C21: Once per Fortnight | H21: As Required

Sheet Scope Statement (Rev 0.0)
A1: Project Scope Statement
A2: Project Name | B2: ='Project Charter'!B2:F2 -> 0 | G2: Project No. | H2: ='Project Charter'!$H$2 -> 0 | I2: Revision No. | J2: 0.0
A3: 1. Project Description [Describe in detail what the overall project output, service or result will be]
A9: 2. Project Deliverables [List the tangible, verifiable subproducts of the project]
A15: 3. Project Exclusions [List specific items or outputs that the project will not address or deliver]
A21: 4. Project Objectives [Describe the Time, Cost and Performance elements of the project]
A27: 5. Assumptions [Describe any assumptions being made which facilitate planning of the project]
A33: 6. Constraints [Describe any restrictions which may impact on the project objectives]
A38: 7. Project Team and Participants [List core team members and key participants such as divisions and/or contractors]
A43: 8. Planned Finish Date: | F43: 10. PM: | H43: ='Project Charter'!A42 -> 0
A44: 9. Planned Cost: | F44: PM Signature:
F45: Date:

Sheet WBS

Sheet Schedule
A1: Create a Gantt Chart in this worksheet. Enter title of this project in cell B1. Legend title is in cell I1. Information about how to use this worksheet, including instructions for screen readers and the author of this workbook is in the About worksheet. Continue navigating down column A to hear further instructions. | B1: Project Name: | C1: ='Project Charter'!B2 -> 0 | I1: Legend:
A2: A legend is in cells I2 through AC2. | B2: Project No. | C2: ='Project Charter'!H2 -> 0 | I2: On Track | N2: Low Risk | S2: Med Risk | X2: High Risk | AC2: Unassigned
A3: Enter the Project Start date in cell F3 or allow the sample formula to find the smallest date value from the Gantt Data table. Project Start Date: label is in cell D3. | D3: Project Start Date: | F3: 46300
A4: A Scrolling Increment is in cell F4. Months for the dates in row 5 are displayed starting in cells I4 through cell BL4. Do not modify these cells. They are auto updated based on the project start date in cell F3. | D4: Scrolling Increment: | F4: 0 | I4: =TEXT(I5,"mmmm") -> October | P4: =IF(TEXT(P5,"mmmm")=I4,"",TEXT(P5,"mmmm")) | W4: =IF(OR(TEXT(W5,"mmmm")=P4,TEXT(W5,"mmmm")=I4),"",TEXT(W5,"mmmm")) | AD4: =IF(OR(TEXT(AD5,"mmmm")=W4,TEXT(AD5,"mmmm")=P4,TEXT(AD5,"mmmm")=I4),"",TEXT(AD5,"mmmm")) | AK4: =IF(OR(TEXT(AK5,"mmmm")=AD4,TEXT(AK5,"mmmm")=W4,TEXT(AK5,"mmmm")=P4,TEXT(AK5,"mmmm")=I4),"",TEXT(AK5,"mmmm")) -> November | AR4: =IF(OR(TEXT(AR5,"mmmm")=AK4,TEXT(AR5,"mmmm")=AD4,TEXT(AR5,"mmmm")=W4,TEXT(AR5,"mmmm")=P4),"",TEXT(AR5,"mmmm")) | AY4: =IF(OR(TEXT(AY5,"mmmm")=AR4,TEXT(AY5,"mmmm")=AK4,TEXT(AY5,"mmmm")=AD4,TEXT(AY5,"mmmm")=W4),"",TEXT(AY5,"mmmm")) | BF4: =IF(OR(TEXT(BF5,"mmmm")=AY4,TEXT(BF5,"mmmm")=AR4,TEXT(BF5,"mmmm")=AK4,TEXT(BF5,"mmmm")=AD4),"",TEXT(BF5,"mmmm"))
A5: Cells I5 through BL5 contain the day number of the month for the Month represented in the cell block above each date cell and are auto calculated. Do not modify these cells. Today's date is outlined in Red (hex #AD3815) from today's date in row 5 through the entire date column to the end of the project schedule. | I5: =IFERROR(Project_Start+Scrolling_Increment,TODAY()) -> 46300 | J5: =I5+1 -> 46301 | K5: =J5+1 -> 46302 | L5: =K5+1 -> 46303 | M5: =L5+1 -> 46304 | N5: =M5+1 -> 46305 | O5: =N5+1 -> 46306 | P5: =O5+1 -> 46307 | Q5: =P5+1 -> 46308 | ... BL5: =BK5+1 -> 46355
A6: A scrollbar is in cells I6 through BL6. The increment for paging through the data is defined as 2 pages at a time and can be configured in the settings for the control bar. To jump forward or backward in the timeline, enter a value of 0 or higher in cell F4. A value of 0 takes you to the beginning of the chart.
A7: This row contains headers for the project schedule that follows below them. Navigate from B7 through BL7 to hear the content. The first letter of each day of the week for the date above that heading, starts in cell I7 and continues through cell BL7. All project timeline charting is auto generated based on the category, start date and number of days entered in the Milestones table. | B7: Deliverable/Task | C7: Category | D7: Assigned To | E7: Progress | F7: Start | G7: No. Days | I7: =LEFT(TEXT(I5,"ddd"),1) -> M | J7: =LEFT(TEXT(J5,"ddd"),1) -> T | K7: =LEFT(TEXT(K5,"ddd"),1) -> W | L7: =LEFT(TEXT(L5,"ddd"),1) -> T | M7: =LEFT(TEXT(M5,"ddd"),1) -> F | N7: =LEFT(TEXT(N5,"ddd"),1) -> S | O7: =LEFT(TEXT(O5,"ddd"),1) -> S | P7: =LEFT(TEXT(P5,"ddd"),1) -> M | ... BL7: =LEFT(TEXT(BL5,"ddd"),1) -> S
A8: Do not delete this row. This row is hidden to preserve a formula that is used to highlight the current day within the project schedule.
A9: Enter Project information starting in cell B9 through cell G9. Sample data is in cells B9 through G33. Enter Milestone Description, select a Category from the drop-down list, assign someone to the item, enter the progress, start date and number of days for the task to start charting. The next instruction is in cell A34. | B9: Project Management Plan | I9: =IF(AND($C9="Goal",I$5>=$F9,I$5<=$F9+$G9-1),2,IF(AND($C9="Milestone",I$5>=$F9,I$5<=$F9+$G9-1),1,"")) | J9: =IF(AND($C9="Goal",J$5>=$F9,J$5<=$F9+$G9-1),2,IF(AND($C9="Milestone",J$5>=$F9,J$5<=$F9+$G9-1),1,"")) | K9: =IF(AND($C9="Goal",K$5>=$F9,K$5<=$F9+$G9-1),2,IF(AND($C9="Milestone",K$5>=$F9,K$5<=$F9+$G9-1),1,"")) | L9: =IF(AND($C9="Goal",L$5>=$F9,L$5<=$F9+$G9-1),2,IF(AND($C9="Milestone",L$5>=$F9,L$5<=$F9+$G9-1),1,"")) | M9: =IF(AND($C9="Goal",M$5>=$F9,M$5<=$F9+$G9-1),2,IF(AND($C9="Milestone",M$5>=$F9,M$5<=$F9+$G9-1),1,"")) | N9: =IF(AND($C9="Goal",N$5>=$F9,N$5<=$F9+$G9-1),2,IF(AND($C9="Milestone",N$5>=$F9,N$5<=$F9+$G9-1),1,"")) | O9: =IF(AND($C9="Goal",O$5>=$F9,O$5<=$F9+$G9-1),2,IF(AND($C9="Milestone",O$5>=$F9,O$5<=$F9+$G9-1),1,"")) | P9: =IF(AND($C9="Goal",P$5>=$F9,P$5<=$F9+$G9-1),2,IF(AND($C9="Milestone",P$5>=$F9,P$5<=$F9+$G9-1),1,"")) | ... BL9: =IF(AND($C9="Goal",BL$5>=$F9,BL$5<=$F9+$G9-1),2,IF(AND($C9="Milestone",BL$5>=$F9,BL$5<=$F9+$G9-1),1,""))
B10: Project Charter | C10: High Risk | D10: John Smith | E10: 1 | F10: =Project_Start -> 46300 | G10: 1 | I10: =IF(AND($C10="Goal",I$5>=$F10,I$5<=$F10+$G10-1),2,IF(AND($C10="Milestone",I$5>=$F10,I$5<=$F10+$G10-1),1,"")) | J10: =IF(AND($C10="Goal",J$5>=$F10,J$5<=$F10+$G10-1),2,IF(AND($C10="Milestone",J$5>=$F10,J$5<=$F10+$G10-1),1,"")) | K10: =IF(AND($C10="Goal",K$5>=$F10,K$5<=$F10+$G10-1),2,IF(AND($C10="Milestone",K$5>=$F10,K$5<=$F10+$G10-1),1,"")) | L10: =IF(AND($C10="Goal",L$5>=$F10,L$5<=$F10+$G10-1),2,IF(AND($C10="Milestone",L$5>=$F10,L$5<=$F10+$G10-1),1,"")) | M10: =IF(AND($C10="Goal",M$5>=$F10,M$5<=$F10+$G10-1),2,IF(AND($C10="Milestone",M$5>=$F10,M$5<=$F10+$G10-1),1,"")) | N10: =IF(AND($C10="Goal",N$5>=$F10,N$5<=$F10+$G10-1),2,IF(AND($C10="Milestone",N$5>=$F10,N$5<=$F10+$G10-1),1,"")) | O10: =IF(AND($C10="Goal",O$5>=$F10,O$5<=$F10+$G10-1),2,IF(AND($C10="Milestone",O$5>=$F10,O$5<=$F10+$G10-1),1,"")) | P10: =IF(AND($C10="Goal",P$5>=$F10,P$5<=$F10+$G10-1),2,IF(AND($C10="Milestone",P$5>=$F10,P$5<=$F10+$G10-1),1,"")) | ... BL10: =IF(AND($C10="Goal",BL$5>=$F10,BL$5<=$F10+$G10-1),2,IF(AND($C10="Milestone",BL$5>=$F10,BL$5<=$F10+$G10-1),1,""))
B11: Scope Statement | C11: On Track | E11: 0.75 | F11: 46301 | G11: 7 | I11: =IF(AND($C11="Goal",I$5>=$F11,I$5<=$F11+$G11-1),2,IF(AND($C11="Milestone",I$5>=$F11,I$5<=$F11+$G11-1),1,"")) | J11: =IF(AND($C11="Goal",J$5>=$F11,J$5<=$F11+$G11-1),2,IF(AND($C11="Milestone",J$5>=$F11,J$5<=$F11+$G11-1),1,"")) | K11: =IF(AND($C11="Goal",K$5>=$F11,K$5<=$F11+$G11-1),2,IF(AND($C11="Milestone",K$5>=$F11,K$5<=$F11+$G11-1),1,"")) | L11: =IF(AND($C11="Goal",L$5>=$F11,L$5<=$F11+$G11-1),2,IF(AND($C11="Milestone",L$5>=$F11,L$5<=$F11+$G11-1),1,"")) | M11: =IF(AND($C11="Goal",M$5>=$F11,M$5<=$F11+$G11-1),2,IF(AND($C11="Milestone",M$5>=$F11,M$5<=$F11+$G11-1),1,"")) | N11: =IF(AND($C11="Goal",N$5>=$F11,N$5<=$F11+$G11-1),2,IF(AND($C11="Milestone",N$5>=$F11,N$5<=$F11+$G11-1),1,"")) | O11: =IF(AND($C11="Goal",O$5>=$F11,O$5<=$F11+$G11-1),2,IF(AND($C11="Milestone",O$5>=$F11,O$5<=$F11+$G11-1),1,"")) | P11: =IF(AND($C11="Goal",P$5>=$F11,P$5<=$F11+$G11-1),2,IF(AND($C11="Milestone",P$5>=$F11,P$5<=$F11+$G11-1),1,"")) | ... BL11: =IF(AND($C11="Goal",BL$5>=$F11,BL$5<=$F11+$G11-1),2,IF(AND($C11="Milestone",BL$5>=$F11,BL$5<=$F11+$G11-1),1,""))
B12: WBS | C12: Low Risk | F12: 46304 | G12: 8 | I12: =IF(AND($C12="Goal",I$5>=$F12,I$5<=$F12+$G12-1),2,IF(AND($C12="Milestone",I$5>=$F12,I$5<=$F12+$G12-1),1,"")) | J12: =IF(AND($C12="Goal",J$5>=$F12,J$5<=$F12+$G12-1),2,IF(AND($C12="Milestone",J$5>=$F12,J$5<=$F12+$G12-1),1,"")) | K12: =IF(AND($C12="Goal",K$5>=$F12,K$5<=$F12+$G12-1),2,IF(AND($C12="Milestone",K$5>=$F12,K$5<=$F12+$G12-1),1,"")) | L12: =IF(AND($C12="Goal",L$5>=$F12,L$5<=$F12+$G12-1),2,IF(AND($C12="Milestone",L$5>=$F12,L$5<=$F12+$G12-1),1,"")) | M12: =IF(AND($C12="Goal",M$5>=$F12,M$5<=$F12+$G12-1),2,IF(AND($C12="Milestone",M$5>=$F12,M$5<=$F12+$G12-1),1,"")) | N12: =IF(AND($C12="Goal",N$5>=$F12,N$5<=$F12+$G12-1),2,IF(AND($C12="Milestone",N$5>=$F12,N$5<=$F12+$G12-1),1,"")) | O12: =IF(AND($C12="Goal",O$5>=$F12,O$5<=$F12+$G12-1),2,IF(AND($C12="Milestone",O$5>=$F12,O$5<=$F12+$G12-1),1,"")) | P12: =IF(AND($C12="Goal",P$5>=$F12,P$5<=$F12+$G12-1),2,IF(AND($C12="Milestone",P$5>=$F12,P$5<=$F12+$G12-1),1,"")) | ... BL12: =IF(AND($C12="Goal",BL$5>=$F12,BL$5<=$F12+$G12-1),2,IF(AND($C12="Milestone",BL$5>=$F12,BL$5<=$F12+$G12-1),1,""))
B13: WBS Complete | C13: Milestone | F13: 46311 | G13: 1 | I13: =IF(AND($C13="Goal",I$5>=$F13,I$5<=$F13+$G13-1),2,IF(AND($C13="Milestone",I$5>=$F13,I$5<=$F13+$G13-1),1,"")) | J13: =IF(AND($C13="Goal",J$5>=$F13,J$5<=$F13+$G13-1),2,IF(AND($C13="Milestone",J$5>=$F13,J$5<=$F13+$G13-1),1,"")) | K13: =IF(AND($C13="Goal",K$5>=$F13,K$5<=$F13+$G13-1),2,IF(AND($C13="Milestone",K$5>=$F13,K$5<=$F13+$G13-1),1,"")) | L13: =IF(AND($C13="Goal",L$5>=$F13,L$5<=$F13+$G13-1),2,IF(AND($C13="Milestone",L$5>=$F13,L$5<=$F13+$G13-1),1,"")) | M13: =IF(AND($C13="Goal",M$5>=$F13,M$5<=$F13+$G13-1),2,IF(AND($C13="Milestone",M$5>=$F13,M$5<=$F13+$G13-1),1,"")) | N13: =IF(AND($C13="Goal",N$5>=$F13,N$5<=$F13+$G13-1),2,IF(AND($C13="Milestone",N$5>=$F13,N$5<=$F13+$G13-1),1,"")) | O13: =IF(AND($C13="Goal",O$5>=$F13,O$5<=$F13+$G13-1),2,IF(AND($C13="Milestone",O$5>=$F13,O$5<=$F13+$G13-1),1,"")) | P13: =IF(AND($C13="Goal",P$5>=$F13,P$5<=$F13+$G13-1),2,IF(AND($C13="Milestone",P$5>=$F13,P$5<=$F13+$G13-1),1,"")) | ... BL13: =IF(AND($C13="Goal",BL$5>=$F13,BL$5<=$F13+$G13-1),2,IF(AND($C13="Milestone",BL$5>=$F13,BL$5<=$F13+$G13-1),1,""))
B14: Task 5 | C14: Med Risk | E14: 0.1 | F14: =F10+6 -> 46306 | G14: 6 | I14: =IF(AND($C14="Goal",I$5>=$F14,I$5<=$F14+$G14-1),2,IF(AND($C14="Milestone",I$5>=$F14,I$5<=$F14+$G14-1),1,"")) | J14: =IF(AND($C14="Goal",J$5>=$F14,J$5<=$F14+$G14-1),2,IF(AND($C14="Milestone",J$5>=$F14,J$5<=$F14+$G14-1),1,"")) | K14: =IF(AND($C14="Goal",K$5>=$F14,K$5<=$F14+$G14-1),2,IF(AND($C14="Milestone",K$5>=$F14,K$5<=$F14+$G14-1),1,"")) | L14: =IF(AND($C14="Goal",L$5>=$F14,L$5<=$F14+$G14-1),2,IF(AND($C14="Milestone",L$5>=$F14,L$5<=$F14+$G14-1),1,"")) | M14: =IF(AND($C14="Goal",M$5>=$F14,M$5<=$F14+$G14-1),2,IF(AND($C14="Milestone",M$5>=$F14,M$5<=$F14+$G14-1),1,"")) | N14: =IF(AND($C14="Goal",N$5>=$F14,N$5<=$F14+$G14-1),2,IF(AND($C14="Milestone",N$5>=$F14,N$5<=$F14+$G14-1),1,"")) | O14: =IF(AND($C14="Goal",O$5>=$F14,O$5<=$F14+$G14-1),2,IF(AND($C14="Milestone",O$5>=$F14,O$5<=$F14+$G14-1),1,"")) | P14: =IF(AND($C14="Goal",P$5>=$F14,P$5<=$F14+$G14-1),2,IF(AND($C14="Milestone",P$5>=$F14,P$5<=$F14+$G14-1),1,"")) | ... BL14: =IF(AND($C14="Goal",BL$5>=$F14,BL$5<=$F14+$G14-1),2,IF(AND($C14="Milestone",BL$5>=$F14,BL$5<=$F14+$G14-1),1,""))
B15: Deliverable 2 | I15: =IF(AND($C15="Goal",I$5>=$F15,I$5<=$F15+$G15-1),2,IF(AND($C15="Milestone",I$5>=$F15,I$5<=$F15+$G15-1),1,"")) | J15: =IF(AND($C15="Goal",J$5>=$F15,J$5<=$F15+$G15-1),2,IF(AND($C15="Milestone",J$5>=$F15,J$5<=$F15+$G15-1),1,"")) | K15: =IF(AND($C15="Goal",K$5>=$F15,K$5<=$F15+$G15-1),2,IF(AND($C15="Milestone",K$5>=$F15,K$5<=$F15+$G15-1),1,"")) | L15: =IF(AND($C15="Goal",L$5>=$F15,L$5<=$F15+$G15-1),2,IF(AND($C15="Milestone",L$5>=$F15,L$5<=$F15+$G15-1),1,"")) | M15: =IF(AND($C15="Goal",M$5>=$F15,M$5<=$F15+$G15-1),2,IF(AND($C15="Milestone",M$5>=$F15,M$5<=$F15+$G15-1),1,"")) | N15: =IF(AND($C15="Goal",N$5>=$F15,N$5<=$F15+$G15-1),2,IF(AND($C15="Milestone",N$5>=$F15,N$5<=$F15+$G15-1),1,"")) | O15: =IF(AND($C15="Goal",O$5>=$F15,O$5<=$F15+$G15-1),2,IF(AND($C15="Milestone",O$5>=$F15,O$5<=$F15+$G15-1),1,"")) | P15: =IF(AND($C15="Goal",P$5>=$F15,P$5<=$F15+$G15-1),2,IF(AND($C15="Milestone",P$5>=$F15,P$5<=$F15+$G15-1),1,"")) | ... BL15: =IF(AND($C15="Goal",BL$5>=$F15,BL$5<=$F15+$G15-1),2,IF(AND($C15="Milestone",BL$5>=$F15,BL$5<=$F15+$G15-1),1,""))
B16: Task 1 | C16: High Risk | D16: Jane Doe | E16: 0.6 | F16: =F10+6 -> 46306 | G16: 13 | I16: =IF(AND($C16="Goal",I$5>=$F16,I$5<=$F16+$G16-1),2,IF(AND($C16="Milestone",I$5>=$F16,I$5<=$F16+$G16-1),1,"")) | J16: =IF(AND($C16="Goal",J$5>=$F16,J$5<=$F16+$G16-1),2,IF(AND($C16="Milestone",J$5>=$F16,J$5<=$F16+$G16-1),1,"")) | K16: =IF(AND($C16="Goal",K$5>=$F16,K$5<=$F16+$G16-1),2,IF(AND($C16="Milestone",K$5>=$F16,K$5<=$F16+$G16-1),1,"")) | L16: =IF(AND($C16="Goal",L$5>=$F16,L$5<=$F16+$G16-1),2,IF(AND($C16="Milestone",L$5>=$F16,L$5<=$F16+$G16-1),1,"")) | M16: =IF(AND($C16="Goal",M$5>=$F16,M$5<=$F16+$G16-1),2,IF(AND($C16="Milestone",M$5>=$F16,M$5<=$F16+$G16-1),1,"")) | N16: =IF(AND($C16="Goal",N$5>=$F16,N$5<=$F16+$G16-1),2,IF(AND($C16="Milestone",N$5>=$F16,N$5<=$F16+$G16-1),1,"")) | O16: =IF(AND($C16="Goal",O$5>=$F16,O$5<=$F16+$G16-1),2,IF(AND($C16="Milestone",O$5>=$F16,O$5<=$F16+$G16-1),1,"")) | P16: =IF(AND($C16="Goal",P$5>=$F16,P$5<=$F16+$G16-1),2,IF(AND($C16="Milestone",P$5>=$F16,P$5<=$F16+$G16-1),1,"")) | ... BL16: =IF(AND($C16="Goal",BL$5>=$F16,BL$5<=$F16+$G16-1),2,IF(AND($C16="Milestone",BL$5>=$F16,BL$5<=$F16+$G16-1),1,""))
B17: Task 2 | C17: On Track | E17: 0.5 | F17: =F16+2 -> 46308 | G17: 9 | I17: =IF(AND($C17="Goal",I$5>=$F17,I$5<=$F17+$G17-1),2,IF(AND($C17="Milestone",I$5>=$F17,I$5<=$F17+$G17-1),1,"")) | J17: =IF(AND($C17="Goal",J$5>=$F17,J$5<=$F17+$G17-1),2,IF(AND($C17="Milestone",J$5>=$F17,J$5<=$F17+$G17-1),1,"")) | K17: =IF(AND($C17="Goal",K$5>=$F17,K$5<=$F17+$G17-1),2,IF(AND($C17="Milestone",K$5>=$F17,K$5<=$F17+$G17-1),1,"")) | L17: =IF(AND($C17="Goal",L$5>=$F17,L$5<=$F17+$G17-1),2,IF(AND($C17="Milestone",L$5>=$F17,L$5<=$F17+$G17-1),1,"")) | M17: =IF(AND($C17="Goal",M$5>=$F17,M$5<=$F17+$G17-1),2,IF(AND($C17="Milestone",M$5>=$F17,M$5<=$F17+$G17-1),1,"")) | N17: =IF(AND($C17="Goal",N$5>=$F17,N$5<=$F17+$G17-1),2,IF(AND($C17="Milestone",N$5>=$F17,N$5<=$F17+$G17-1),1,"")) | O17: =IF(AND($C17="Goal",O$5>=$F17,O$5<=$F17+$G17-1),2,IF(AND($C17="Milestone",O$5>=$F17,O$5<=$F17+$G17-1),1,"")) | P17: =IF(AND($C17="Goal",P$5>=$F17,P$5<=$F17+$G17-1),2,IF(AND($C17="Milestone",P$5>=$F17,P$5<=$F17+$G17-1),1,"")) | ... BL17: =IF(AND($C17="Goal",BL$5>=$F17,BL$5<=$F17+$G17-1),2,IF(AND($C17="Milestone",BL$5>=$F17,BL$5<=$F17+$G17-1),1,""))
B18: Task 3 | C18: Low Risk | E18: 0.33 | F18: =F17+5 -> 46313 | G18: 11 | I18: =IF(AND($C18="Goal",I$5>=$F18,I$5<=$F18+$G18-1),2,IF(AND($C18="Milestone",I$5>=$F18,I$5<=$F18+$G18-1),1,"")) | J18: =IF(AND($C18="Goal",J$5>=$F18,J$5<=$F18+$G18-1),2,IF(AND($C18="Milestone",J$5>=$F18,J$5<=$F18+$G18-1),1,"")) | K18: =IF(AND($C18="Goal",K$5>=$F18,K$5<=$F18+$G18-1),2,IF(AND($C18="Milestone",K$5>=$F18,K$5<=$F18+$G18-1),1,"")) | L18: =IF(AND($C18="Goal",L$5>=$F18,L$5<=$F18+$G18-1),2,IF(AND($C18="Milestone",L$5>=$F18,L$5<=$F18+$G18-1),1,"")) | M18: =IF(AND($C18="Goal",M$5>=$F18,M$5<=$F18+$G18-1),2,IF(AND($C18="Milestone",M$5>=$F18,M$5<=$F18+$G18-1),1,"")) | N18: =IF(AND($C18="Goal",N$5>=$F18,N$5<=$F18+$G18-1),2,IF(AND($C18="Milestone",N$5>=$F18,N$5<=$F18+$G18-1),1,"")) | O18: =IF(AND($C18="Goal",O$5>=$F18,O$5<=$F18+$G18-1),2,IF(AND($C18="Milestone",O$5>=$F18,O$5<=$F18+$G18-1),1,"")) | P18: =IF(AND($C18="Goal",P$5>=$F18,P$5<=$F18+$G18-1),2,IF(AND($C18="Milestone",P$5>=$F18,P$5<=$F18+$G18-1),1,"")) | ... BL18: =IF(AND($C18="Goal",BL$5>=$F18,BL$5<=$F18+$G18-1),2,IF(AND($C18="Milestone",BL$5>=$F18,BL$5<=$F18+$G18-1),1,""))
B19: Milestone 4 | C19: Milestone | F19: =F18+2 -> 46315 | G19: 1 | I19: =IF(AND($C19="Goal",I$5>=$F19,I$5<=$F19+$G19-1),2,IF(AND($C19="Milestone",I$5>=$F19,I$5<=$F19+$G19-1),1,"")) | J19: =IF(AND($C19="Goal",J$5>=$F19,J$5<=$F19+$G19-1),2,IF(AND($C19="Milestone",J$5>=$F19,J$5<=$F19+$G19-1),1,"")) | K19: =IF(AND($C19="Goal",K$5>=$F19,K$5<=$F19+$G19-1),2,IF(AND($C19="Milestone",K$5>=$F19,K$5<=$F19+$G19-1),1,"")) | L19: =IF(AND($C19="Goal",L$5>=$F19,L$5<=$F19+$G19-1),2,IF(AND($C19="Milestone",L$5>=$F19,L$5<=$F19+$G19-1),1,"")) | M19: =IF(AND($C19="Goal",M$5>=$F19,M$5<=$F19+$G19-1),2,IF(AND($C19="Milestone",M$5>=$F19,M$5<=$F19+$G19-1),1,"")) | N19: =IF(AND($C19="Goal",N$5>=$F19,N$5<=$F19+$G19-1),2,IF(AND($C19="Milestone",N$5>=$F19,N$5<=$F19+$G19-1),1,"")) | O19: =IF(AND($C19="Goal",O$5>=$F19,O$5<=$F19+$G19-1),2,IF(AND($C19="Milestone",O$5>=$F19,O$5<=$F19+$G19-1),1,"")) | P19: =IF(AND($C19="Goal",P$5>=$F19,P$5<=$F19+$G19-1),2,IF(AND($C19="Milestone",P$5>=$F19,P$5<=$F19+$G19-1),1,"")) | ... BL19: =IF(AND($C19="Goal",BL$5>=$F19,BL$5<=$F19+$G19-1),2,IF(AND($C19="Milestone",BL$5>=$F19,BL$5<=$F19+$G19-1),1,""))
B20: Task 5 | F20: =F19+1 -> 46316 | G20: 24 | I20: =IF(AND($C20="Goal",I$5>=$F20,I$5<=$F20+$G20-1),2,IF(AND($C20="Milestone",I$5>=$F20,I$5<=$F20+$G20-1),1,"")) | J20: =IF(AND($C20="Goal",J$5>=$F20,J$5<=$F20+$G20-1),2,IF(AND($C20="Milestone",J$5>=$F20,J$5<=$F20+$G20-1),1,"")) | K20: =IF(AND($C20="Goal",K$5>=$F20,K$5<=$F20+$G20-1),2,IF(AND($C20="Milestone",K$5>=$F20,K$5<=$F20+$G20-1),1,"")) | L20: =IF(AND($C20="Goal",L$5>=$F20,L$5<=$F20+$G20-1),2,IF(AND($C20="Milestone",L$5>=$F20,L$5<=$F20+$G20-1),1,"")) | M20: =IF(AND($C20="Goal",M$5>=$F20,M$5<=$F20+$G20-1),2,IF(AND($C20="Milestone",M$5>=$F20,M$5<=$F20+$G20-1),1,"")) | N20: =IF(AND($C20="Goal",N$5>=$F20,N$5<=$F20+$G20-1),2,IF(AND($C20="Milestone",N$5>=$F20,N$5<=$F20+$G20-1),1,"")) | O20: =IF(AND($C20="Goal",O$5>=$F20,O$5<=$F20+$G20-1),2,IF(AND($C20="Milestone",O$5>=$F20,O$5<=$F20+$G20-1),1,"")) | P20: =IF(AND($C20="Goal",P$5>=$F20,P$5<=$F20+$G20-1),2,IF(AND($C20="Milestone",P$5>=$F20,P$5<=$F20+$G20-1),1,"")) | ... BL20: =IF(AND($C20="Goal",BL$5>=$F20,BL$5<=$F20+$G20-1),2,IF(AND($C20="Milestone",BL$5>=$F20,BL$5<=$F20+$G20-1),1,""))
B21: Deliverable 3 | I21: =IF(AND($C21="Goal",I$5>=$F21,I$5<=$F21+$G21-1),2,IF(AND($C21="Milestone",I$5>=$F21,I$5<=$F21+$G21-1),1,"")) | J21: =IF(AND($C21="Goal",J$5>=$F21,J$5<=$F21+$G21-1),2,IF(AND($C21="Milestone",J$5>=$F21,J$5<=$F21+$G21-1),1,"")) | K21: =IF(AND($C21="Goal",K$5>=$F21,K$5<=$F21+$G21-1),2,IF(AND($C21="Milestone",K$5>=$F21,K$5<=$F21+$G21-1),1,"")) | L21: =IF(AND($C21="Goal",L$5>=$F21,L$5<=$F21+$G21-1),2,IF(AND($C21="Milestone",L$5>=$F21,L$5<=$F21+$G21-1),1,"")) | M21: =IF(AND($C21="Goal",M$5>=$F21,M$5<=$F21+$G21-1),2,IF(AND($C21="Milestone",M$5>=$F21,M$5<=$F21+$G21-1),1,"")) | N21: =IF(AND($C21="Goal",N$5>=$F21,N$5<=$F21+$G21-1),2,IF(AND($C21="Milestone",N$5>=$F21,N$5<=$F21+$G21-1),1,"")) | O21: =IF(AND($C21="Goal",O$5>=$F21,O$5<=$F21+$G21-1),2,IF(AND($C21="Milestone",O$5>=$F21,O$5<=$F21+$G21-1),1,"")) | P21: =IF(AND($C21="Goal",P$5>=$F21,P$5<=$F21+$G21-1),2,IF(AND($C21="Milestone",P$5>=$F21,P$5<=$F21+$G21-1),1,"")) | ... BL21: =IF(AND($C21="Goal",BL$5>=$F21,BL$5<=$F21+$G21-1),2,IF(AND($C21="Milestone",BL$5>=$F21,BL$5<=$F21+$G21-1),1,""))
B22: Task 1 | C22: On Track | F22: =F10+15 -> 46315 | G22: 4 | I22: =IF(AND($C22="Goal",I$5>=$F22,I$5<=$F22+$G22-1),2,IF(AND($C22="Milestone",I$5>=$F22,I$5<=$F22+$G22-1),1,"")) | J22: =IF(AND($C22="Goal",J$5>=$F22,J$5<=$F22+$G22-1),2,IF(AND($C22="Milestone",J$5>=$F22,J$5<=$F22+$G22-1),1,"")) | K22: =IF(AND($C22="Goal",K$5>=$F22,K$5<=$F22+$G22-1),2,IF(AND($C22="Milestone",K$5>=$F22,K$5<=$F22+$G22-1),1,"")) | L22: =IF(AND($C22="Goal",L$5>=$F22,L$5<=$F22+$G22-1),2,IF(AND($C22="Milestone",L$5>=$F22,L$5<=$F22+$G22-1),1,"")) | M22: =IF(AND($C22="Goal",M$5>=$F22,M$5<=$F22+$G22-1),2,IF(AND($C22="Milestone",M$5>=$F22,M$5<=$F22+$G22-1),1,"")) | N22: =IF(AND($C22="Goal",N$5>=$F22,N$5<=$F22+$G22-1),2,IF(AND($C22="Milestone",N$5>=$F22,N$5<=$F22+$G22-1),1,"")) | O22: =IF(AND($C22="Goal",O$5>=$F22,O$5<=$F22+$G22-1),2,IF(AND($C22="Milestone",O$5>=$F22,O$5<=$F22+$G22-1),1,"")) | P22: =IF(AND($C22="Goal",P$5>=$F22,P$5<=$F22+$G22-1),2,IF(AND($C22="Milestone",P$5>=$F22,P$5<=$F22+$G22-1),1,"")) | ... BL22: =IF(AND($C22="Goal",BL$5>=$F22,BL$5<=$F22+$G22-1),2,IF(AND($C22="Milestone",BL$5>=$F22,BL$5<=$F22+$G22-1),1,""))
B23: Task 2 | C23: Med Risk | F23: =F22+3 -> 46318 | G23: 14 | I23: =IF(AND($C23="Goal",I$5>=$F23,I$5<=$F23+$G23-1),2,IF(AND($C23="Milestone",I$5>=$F23,I$5<=$F23+$G23-1),1,"")) | J23: =IF(AND($C23="Goal",J$5>=$F23,J$5<=$F23+$G23-1),2,IF(AND($C23="Milestone",J$5>=$F23,J$5<=$F23+$G23-1),1,"")) | K23: =IF(AND($C23="Goal",K$5>=$F23,K$5<=$F23+$G23-1),2,IF(AND($C23="Milestone",K$5>=$F23,K$5<=$F23+$G23-1),1,"")) | L23: =IF(AND($C23="Goal",L$5>=$F23,L$5<=$F23+$G23-1),2,IF(AND($C23="Milestone",L$5>=$F23,L$5<=$F23+$G23-1),1,"")) | M23: =IF(AND($C23="Goal",M$5>=$F23,M$5<=$F23+$G23-1),2,IF(AND($C23="Milestone",M$5>=$F23,M$5<=$F23+$G23-1),1,"")) | N23: =IF(AND($C23="Goal",N$5>=$F23,N$5<=$F23+$G23-1),2,IF(AND($C23="Milestone",N$5>=$F23,N$5<=$F23+$G23-1),1,"")) | O23: =IF(AND($C23="Goal",O$5>=$F23,O$5<=$F23+$G23-1),2,IF(AND($C23="Milestone",O$5>=$F23,O$5<=$F23+$G23-1),1,"")) | P23: =IF(AND($C23="Goal",P$5>=$F23,P$5<=$F23+$G23-1),2,IF(AND($C23="Milestone",P$5>=$F23,P$5<=$F23+$G23-1),1,"")) | ... BL23: =IF(AND($C23="Goal",BL$5>=$F23,BL$5<=$F23+$G23-1),2,IF(AND($C23="Milestone",BL$5>=$F23,BL$5<=$F23+$G23-1),1,""))
B24: Task 3 | C24: On Track | F24: =F23+15 -> 46333 | G24: 6 | I24: =IF(AND($C24="Goal",I$5>=$F24,I$5<=$F24+$G24-1),2,IF(AND($C24="Milestone",I$5>=$F24,I$5<=$F24+$G24-1),1,"")) | J24: =IF(AND($C24="Goal",J$5>=$F24,J$5<=$F24+$G24-1),2,IF(AND($C24="Milestone",J$5>=$F24,J$5<=$F24+$G24-1),1,"")) | K24: =IF(AND($C24="Goal",K$5>=$F24,K$5<=$F24+$G24-1),2,IF(AND($C24="Milestone",K$5>=$F24,K$5<=$F24+$G24-1),1,"")) | L24: =IF(AND($C24="Goal",L$5>=$F24,L$5<=$F24+$G24-1),2,IF(AND($C24="Milestone",L$5>=$F24,L$5<=$F24+$G24-1),1,"")) | M24: =IF(AND($C24="Goal",M$5>=$F24,M$5<=$F24+$G24-1),2,IF(AND($C24="Milestone",M$5>=$F24,M$5<=$F24+$G24-1),1,"")) | N24: =IF(AND($C24="Goal",N$5>=$F24,N$5<=$F24+$G24-1),2,IF(AND($C24="Milestone",N$5>=$F24,N$5<=$F24+$G24-1),1,"")) | O24: =IF(AND($C24="Goal",O$5>=$F24,O$5<=$F24+$G24-1),2,IF(AND($C24="Milestone",O$5>=$F24,O$5<=$F24+$G24-1),1,"")) | P24: =IF(AND($C24="Goal",P$5>=$F24,P$5<=$F24+$G24-1),2,IF(AND($C24="Milestone",P$5>=$F24,P$5<=$F24+$G24-1),1,"")) | ... BL24: =IF(AND($C24="Goal",BL$5>=$F24,BL$5<=$F24+$G24-1),2,IF(AND($C24="Milestone",BL$5>=$F24,BL$5<=$F24+$G24-1),1,""))
B25: Task 4 | C25: Low Risk | F25: =F19+23 -> 46338 | G25: 1 | I25: =IF(AND($C25="Goal",I$5>=$F25,I$5<=$F25+$G25-1),2,IF(AND($C25="Milestone",I$5>=$F25,I$5<=$F25+$G25-1),1,"")) | J25: =IF(AND($C25="Goal",J$5>=$F25,J$5<=$F25+$G25-1),2,IF(AND($C25="Milestone",J$5>=$F25,J$5<=$F25+$G25-1),1,"")) | K25: =IF(AND($C25="Goal",K$5>=$F25,K$5<=$F25+$G25-1),2,IF(AND($C25="Milestone",K$5>=$F25,K$5<=$F25+$G25-1),1,"")) | L25: =IF(AND($C25="Goal",L$5>=$F25,L$5<=$F25+$G25-1),2,IF(AND($C25="Milestone",L$5>=$F25,L$5<=$F25+$G25-1),1,"")) | M25: =IF(AND($C25="Goal",M$5>=$F25,M$5<=$F25+$G25-1),2,IF(AND($C25="Milestone",M$5>=$F25,M$5<=$F25+$G25-1),1,"")) | N25: =IF(AND($C25="Goal",N$5>=$F25,N$5<=$F25+$G25-1),2,IF(AND($C25="Milestone",N$5>=$F25,N$5<=$F25+$G25-1),1,"")) | O25: =IF(AND($C25="Goal",O$5>=$F25,O$5<=$F25+$G25-1),2,IF(AND($C25="Milestone",O$5>=$F25,O$5<=$F25+$G25-1),1,"")) | P25: =IF(AND($C25="Goal",P$5>=$F25,P$5<=$F25+$G25-1),2,IF(AND($C25="Milestone",P$5>=$F25,P$5<=$F25+$G25-1),1,"")) | ... BL25: =IF(AND($C25="Goal",BL$5>=$F25,BL$5<=$F25+$G25-1),2,IF(AND($C25="Milestone",BL$5>=$F25,BL$5<=$F25+$G25-1),1,""))
B26: Task 5 | C26: Milestone | F26: =F25+1 -> 46339 | G26: 1 | I26: =IF(AND($C26="Goal",I$5>=$F26,I$5<=$F26+$G26-1),2,IF(AND($C26="Milestone",I$5>=$F26,I$5<=$F26+$G26-1),1,"")) | J26: =IF(AND($C26="Goal",J$5>=$F26,J$5<=$F26+$G26-1),2,IF(AND($C26="Milestone",J$5>=$F26,J$5<=$F26+$G26-1),1,"")) | K26: =IF(AND($C26="Goal",K$5>=$F26,K$5<=$F26+$G26-1),2,IF(AND($C26="Milestone",K$5>=$F26,K$5<=$F26+$G26-1),1,"")) | L26: =IF(AND($C26="Goal",L$5>=$F26,L$5<=$F26+$G26-1),2,IF(AND($C26="Milestone",L$5>=$F26,L$5<=$F26+$G26-1),1,"")) | M26: =IF(AND($C26="Goal",M$5>=$F26,M$5<=$F26+$G26-1),2,IF(AND($C26="Milestone",M$5>=$F26,M$5<=$F26+$G26-1),1,"")) | N26: =IF(AND($C26="Goal",N$5>=$F26,N$5<=$F26+$G26-1),2,IF(AND($C26="Milestone",N$5>=$F26,N$5<=$F26+$G26-1),1,"")) | O26: =IF(AND($C26="Goal",O$5>=$F26,O$5<=$F26+$G26-1),2,IF(AND($C26="Milestone",O$5>=$F26,O$5<=$F26+$G26-1),1,"")) | P26: =IF(AND($C26="Goal",P$5>=$F26,P$5<=$F26+$G26-1),2,IF(AND($C26="Milestone",P$5>=$F26,P$5<=$F26+$G26-1),1,"")) | ... BL26: =IF(AND($C26="Goal",BL$5>=$F26,BL$5<=$F26+$G26-1),2,IF(AND($C26="Milestone",BL$5>=$F26,BL$5<=$F26+$G26-1),1,""))
B27: Deliverable 4 | I27: =IF(AND($C27="Goal",I$5>=$F27,I$5<=$F27+$G27-1),2,IF(AND($C27="Milestone",I$5>=$F27,I$5<=$F27+$G27-1),1,"")) | J27: =IF(AND($C27="Goal",J$5>=$F27,J$5<=$F27+$G27-1),2,IF(AND($C27="Milestone",J$5>=$F27,J$5<=$F27+$G27-1),1,"")) | K27: =IF(AND($C27="Goal",K$5>=$F27,K$5<=$F27+$G27-1),2,IF(AND($C27="Milestone",K$5>=$F27,K$5<=$F27+$G27-1),1,"")) | L27: =IF(AND($C27="Goal",L$5>=$F27,L$5<=$F27+$G27-1),2,IF(AND($C27="Milestone",L$5>=$F27,L$5<=$F27+$G27-1),1,"")) | M27: =IF(AND($C27="Goal",M$5>=$F27,M$5<=$F27+$G27-1),2,IF(AND($C27="Milestone",M$5>=$F27,M$5<=$F27+$G27-1),1,"")) | N27: =IF(AND($C27="Goal",N$5>=$F27,N$5<=$F27+$G27-1),2,IF(AND($C27="Milestone",N$5>=$F27,N$5<=$F27+$G27-1),1,"")) | O27: =IF(AND($C27="Goal",O$5>=$F27,O$5<=$F27+$G27-1),2,IF(AND($C27="Milestone",O$5>=$F27,O$5<=$F27+$G27-1),1,"")) | P27: =IF(AND($C27="Goal",P$5>=$F27,P$5<=$F27+$G27-1),2,IF(AND($C27="Milestone",P$5>=$F27,P$5<=$F27+$G27-1),1,"")) | ... BL27: =IF(AND($C27="Goal",BL$5>=$F27,BL$5<=$F27+$G27-1),2,IF(AND($C27="Milestone",BL$5>=$F27,BL$5<=$F27+$G27-1),1,""))
B28: Task 1 | F28: =F25+3 -> 46341 | G28: 2 | I28: =IF(AND($C28="Goal",I$5>=$F28,I$5<=$F28+$G28-1),2,IF(AND($C28="Milestone",I$5>=$F28,I$5<=$F28+$G28-1),1,"")) | J28: =IF(AND($C28="Goal",J$5>=$F28,J$5<=$F28+$G28-1),2,IF(AND($C28="Milestone",J$5>=$F28,J$5<=$F28+$G28-1),1,"")) | K28: =IF(AND($C28="Goal",K$5>=$F28,K$5<=$F28+$G28-1),2,IF(AND($C28="Milestone",K$5>=$F28,K$5<=$F28+$G28-1),1,"")) | L28: =IF(AND($C28="Goal",L$5>=$F28,L$5<=$F28+$G28-1),2,IF(AND($C28="Milestone",L$5>=$F28,L$5<=$F28+$G28-1),1,"")) | M28: =IF(AND($C28="Goal",M$5>=$F28,M$5<=$F28+$G28-1),2,IF(AND($C28="Milestone",M$5>=$F28,M$5<=$F28+$G28-1),1,"")) | N28: =IF(AND($C28="Goal",N$5>=$F28,N$5<=$F28+$G28-1),2,IF(AND($C28="Milestone",N$5>=$F28,N$5<=$F28+$G28-1),1,"")) | O28: =IF(AND($C28="Goal",O$5>=$F28,O$5<=$F28+$G28-1),2,IF(AND($C28="Milestone",O$5>=$F28,O$5<=$F28+$G28-1),1,"")) | P28: =IF(AND($C28="Goal",P$5>=$F28,P$5<=$F28+$G28-1),2,IF(AND($C28="Milestone",P$5>=$F28,P$5<=$F28+$G28-1),1,"")) | ... BL28: =IF(AND($C28="Goal",BL$5>=$F28,BL$5<=$F28+$G28-1),2,IF(AND($C28="Milestone",BL$5>=$F28,BL$5<=$F28+$G28-1),1,""))
B29: Task 2 | F29: =F28+2 -> 46343 | G29: 5 | I29: =IF(AND($C29="Goal",I$5>=$F29,I$5<=$F29+$G29-1),2,IF(AND($C29="Milestone",I$5>=$F29,I$5<=$F29+$G29-1),1,"")) | J29: =IF(AND($C29="Goal",J$5>=$F29,J$5<=$F29+$G29-1),2,IF(AND($C29="Milestone",J$5>=$F29,J$5<=$F29+$G29-1),1,"")) | K29: =IF(AND($C29="Goal",K$5>=$F29,K$5<=$F29+$G29-1),2,IF(AND($C29="Milestone",K$5>=$F29,K$5<=$F29+$G29-1),1,"")) | L29: =IF(AND($C29="Goal",L$5>=$F29,L$5<=$F29+$G29-1),2,IF(AND($C29="Milestone",L$5>=$F29,L$5<=$F29+$G29-1),1,"")) | M29: =IF(AND($C29="Goal",M$5>=$F29,M$5<=$F29+$G29-1),2,IF(AND($C29="Milestone",M$5>=$F29,M$5<=$F29+$G29-1),1,"")) | N29: =IF(AND($C29="Goal",N$5>=$F29,N$5<=$F29+$G29-1),2,IF(AND($C29="Milestone",N$5>=$F29,N$5<=$F29+$G29-1),1,"")) | O29: =IF(AND($C29="Goal",O$5>=$F29,O$5<=$F29+$G29-1),2,IF(AND($C29="Milestone",O$5>=$F29,O$5<=$F29+$G29-1),1,"")) | P29: =IF(AND($C29="Goal",P$5>=$F29,P$5<=$F29+$G29-1),2,IF(AND($C29="Milestone",P$5>=$F29,P$5<=$F29+$G29-1),1,"")) | ... BL29: =IF(AND($C29="Goal",BL$5>=$F29,BL$5<=$F29+$G29-1),2,IF(AND($C29="Milestone",BL$5>=$F29,BL$5<=$F29+$G29-1),1,""))
B30: Task 3 | C30: Goal | F30: =F29+5 -> 46348 | G30: 1 | I30: =IF(AND($C30="Goal",I$5>=$F30,I$5<=$F30+$G30-1),2,IF(AND($C30="Milestone",I$5>=$F30,I$5<=$F30+$G30-1),1,"")) | J30: =IF(AND($C30="Goal",J$5>=$F30,J$5<=$F30+$G30-1),2,IF(AND($C30="Milestone",J$5>=$F30,J$5<=$F30+$G30-1),1,"")) | K30: =IF(AND($C30="Goal",K$5>=$F30,K$5<=$F30+$G30-1),2,IF(AND($C30="Milestone",K$5>=$F30,K$5<=$F30+$G30-1),1,"")) | L30: =IF(AND($C30="Goal",L$5>=$F30,L$5<=$F30+$G30-1),2,IF(AND($C30="Milestone",L$5>=$F30,L$5<=$F30+$G30-1),1,"")) | M30: =IF(AND($C30="Goal",M$5>=$F30,M$5<=$F30+$G30-1),2,IF(AND($C30="Milestone",M$5>=$F30,M$5<=$F30+$G30-1),1,"")) | N30: =IF(AND($C30="Goal",N$5>=$F30,N$5<=$F30+$G30-1),2,IF(AND($C30="Milestone",N$5>=$F30,N$5<=$F30+$G30-1),1,"")) | O30: =IF(AND($C30="Goal",O$5>=$F30,O$5<=$F30+$G30-1),2,IF(AND($C30="Milestone",O$5>=$F30,O$5<=$F30+$G30-1),1,"")) | P30: =IF(AND($C30="Goal",P$5>=$F30,P$5<=$F30+$G30-1),2,IF(AND($C30="Milestone",P$5>=$F30,P$5<=$F30+$G30-1),1,"")) | ... BL30: =IF(AND($C30="Goal",BL$5>=$F30,BL$5<=$F30+$G30-1),2,IF(AND($C30="Milestone",BL$5>=$F30,BL$5<=$F30+$G30-1),1,""))
B31: Task 4 | I31: =IF(AND($C31="Goal",I$5>=$F31,I$5<=$F31+$G31-1),2,IF(AND($C31="Milestone",I$5>=$F31,I$5<=$F31+$G31-1),1,"")) | J31: =IF(AND($C31="Goal",J$5>=$F31,J$5<=$F31+$G31-1),2,IF(AND($C31="Milestone",J$5>=$F31,J$5<=$F31+$G31-1),1,"")) | K31: =IF(AND($C31="Goal",K$5>=$F31,K$5<=$F31+$G31-1),2,IF(AND($C31="Milestone",K$5>=$F31,K$5<=$F31+$G31-1),1,"")) | L31: =IF(AND($C31="Goal",L$5>=$F31,L$5<=$F31+$G31-1),2,IF(AND($C31="Milestone",L$5>=$F31,L$5<=$F31+$G31-1),1,"")) | M31: =IF(AND($C31="Goal",M$5>=$F31,M$5<=$F31+$G31-1),2,IF(AND($C31="Milestone",M$5>=$F31,M$5<=$F31+$G31-1),1,"")) | N31: =IF(AND($C31="Goal",N$5>=$F31,N$5<=$F31+$G31-1),2,IF(AND($C31="Milestone",N$5>=$F31,N$5<=$F31+$G31-1),1,"")) | O31: =IF(AND($C31="Goal",O$5>=$F31,O$5<=$F31+$G31-1),2,IF(AND($C31="Milestone",O$5>=$F31,O$5<=$F31+$G31-1),1,"")) | P31: =IF(AND($C31="Goal",P$5>=$F31,P$5<=$F31+$G31-1),2,IF(AND($C31="Milestone",P$5>=$F31,P$5<=$F31+$G31-1),1,"")) | ... BL31: =IF(AND($C31="Goal",BL$5>=$F31,BL$5<=$F31+$G31-1),2,IF(AND($C31="Milestone",BL$5>=$F31,BL$5<=$F31+$G31-1),1,""))
B32: Task 5 | I32: =IF(AND($C32="Goal",I$5>=$F32,I$5<=$F32+$G32-1),2,IF(AND($C32="Milestone",I$5>=$F32,I$5<=$F32+$G32-1),1,"")) | J32: =IF(AND($C32="Goal",J$5>=$F32,J$5<=$F32+$G32-1),2,IF(AND($C32="Milestone",J$5>=$F32,J$5<=$F32+$G32-1),1,"")) | K32: =IF(AND($C32="Goal",K$5>=$F32,K$5<=$F32+$G32-1),2,IF(AND($C32="Milestone",K$5>=$F32,K$5<=$F32+$G32-1),1,"")) | L32: =IF(AND($C32="Goal",L$5>=$F32,L$5<=$F32+$G32-1),2,IF(AND($C32="Milestone",L$5>=$F32,L$5<=$F32+$G32-1),1,"")) | M32: =IF(AND($C32="Goal",M$5>=$F32,M$5<=$F32+$G32-1),2,IF(AND($C32="Milestone",M$5>=$F32,M$5<=$F32+$G32-1),1,"")) | N32: =IF(AND($C32="Goal",N$5>=$F32,N$5<=$F32+$G32-1),2,IF(AND($C32="Milestone",N$5>=$F32,N$5<=$F32+$G32-1),1,"")) | O32: =IF(AND($C32="Goal",O$5>=$F32,O$5<=$F32+$G32-1),2,IF(AND($C32="Milestone",O$5>=$F32,O$5<=$F32+$G32-1),1,"")) | P32: =IF(AND($C32="Goal",P$5>=$F32,P$5<=$F32+$G32-1),2,IF(AND($C32="Milestone",P$5>=$F32,P$5<=$F32+$G32-1),1,"")) | ... BL32: =IF(AND($C32="Goal",BL$5>=$F32,BL$5<=$F32+$G32-1),2,IF(AND($C32="Milestone",BL$5>=$F32,BL$5<=$F32+$G32-1),1,""))
A33: This is an empty row | I33: =IF(AND($C33="Goal",I$5>=$F33,I$5<=$F33+$G33-1),2,IF(AND($C33="Milestone",I$5>=$F33,I$5<=$F33+$G33-1),1,"")) | J33: =IF(AND($C33="Goal",J$5>=$F33,J$5<=$F33+$G33-1),2,IF(AND($C33="Milestone",J$5>=$F33,J$5<=$F33+$G33-1),1,"")) | K33: =IF(AND($C33="Goal",K$5>=$F33,K$5<=$F33+$G33-1),2,IF(AND($C33="Milestone",K$5>=$F33,K$5<=$F33+$G33-1),1,"")) | L33: =IF(AND($C33="Goal",L$5>=$F33,L$5<=$F33+$G33-1),2,IF(AND($C33="Milestone",L$5>=$F33,L$5<=$F33+$G33-1),1,"")) | M33: =IF(AND($C33="Goal",M$5>=$F33,M$5<=$F33+$G33-1),2,IF(AND($C33="Milestone",M$5>=$F33,M$5<=$F33+$G33-1),1,"")) | N33: =IF(AND($C33="Goal",N$5>=$F33,N$5<=$F33+$G33-1),2,IF(AND($C33="Milestone",N$5>=$F33,N$5<=$F33+$G33-1),1,"")) | O33: =IF(AND($C33="Goal",O$5>=$F33,O$5<=$F33+$G33-1),2,IF(AND($C33="Milestone",O$5>=$F33,O$5<=$F33+$G33-1),1,"")) | P33: =IF(AND($C33="Goal",P$5>=$F33,P$5<=$F33+$G33-1),2,IF(AND($C33="Milestone",P$5>=$F33,P$5<=$F33+$G33-1),1,"")) | ... BL33: =IF(AND($C33="Goal",BL$5>=$F33,BL$5<=$F33+$G33-1),2,IF(AND($C33="Milestone",BL$5>=$F33,BL$5<=$F33+$G33-1),1,""))
A34: This row marks the end of the Gantt milestone data. DO NOT enter anything in this row. To add more items, insert new rows above this one. | B34: To add more data, Insert new rows ABOVE this one

Sheet RAM
A1: Responsibility Assignment Matrix | G1: Project Manager: | H1: ='Project Charter'!$A$42 -> 0
A2: Project Name: | B2: ='Project Charter'!B2:$F$2 -> 0 | D2: Project No.: | E2: ='Project Charter'!$H$2 -> 0 | F2: Revision Date: | H2: Revision Number: | I2: 0
A3: WBS No. | B3: Deliverable/Work Package/Activity | C3: Stakeholders
A16: P = Participant; A = Accountable; R = Review Required; I = Input Required; S = Sign-Off Required

Sheet Risk Register
A1: Project Risk Register | I1: Project Manager: | J1: ='Project Charter'!$A$42 -> 0
A2: Project Name: | C2: ='Project Charter'!B2 -> 0 | E2: Project No.: | F2: ='Project Charter'!$H$2 -> 0 | G2: Revision Date: | J2: Revision Number:
A3: Risk No. | B3: WBS No. | C3: Risk Description & Effect | D3: Risk Type | E3: Prob. of Occur. (P) | F3: Impact (I) | G3: Risk Measure (P x I) | H3: Risk Response | I3: Person/Group Assigned | J3: Control Risk Results | K3: Open or Closed?
G4: =E4*F4 -> 0
G5: =E5*F5 -> 0
G6: =E6*F6 -> 0
G7: =E7*F7 -> 0
G8: =E8*F8 -> 0
G9: =E9*F9 -> 0
G10: =E10*F10 -> 0

Sheet Change Request Form
A1: Project Change Request Form
A2: Project Name | B2: ='Project Charter'!B2:$F$2 -> 0 | H2: Project No. | I2: ='Project Charter'!$H$2 -> 0
A3: 1. Change Requested [Reference Drawings, WBS Codes, SOP's, Documents etc.]
A8: 2. Reason for Change
A13: Processed by: | I13: Date Rec'd
A14: 3. Estimated Performance Impact [Scope, Quality, Health & Safety)]
A19: 4. Estimated Schedule Impact
A24: 5. Estimated Cost Impact
A29: Recommended For Approval: [The stakeholders listed below are likely to be affected by the requested change]
A30: Name | D30: Position | G30: Approved? | H30: Comments | K30: Date
A34: Result [Please specify the appropriate outcome with a 'Yes']
A35: Approved: | D35: Approved with Conditions: | I35: Rejected:
A36: Approved Conditional On
A38: Rejected Because
A41: PM Signature: | G41: Sponsor Signature:
C42: ='Project Charter'!A42 -> 0 | I42: ='Project Charter'!F42 -> 0
A43: Date: | G43: Date:

Sheet Project Progress Report
A1: Project Progress Report | G1: Date:
A2: Project Name: | B2: ='Project Charter'!B2:F2 -> 0 | G2: Project No.: | H2: ='Project Charter'!H2 -> 0
A3: 1. Overall Project Status [State position in the Lifecycle, whether On Track or Off Track etc.]
A8: 2. Project Deliverables [List the high level outputs, service or results of the project as referenced in the Scope Statement]
A9: Deliverable Name | E9: Progress [Mark % Complete from 0 to 100] | G9: Status [On Track, Off Track] | H9: Comments
A17: 3. Issues/Concerns [List any points or matters under discussion that may affect the progress of the project and need to be addressed]
A23: 4. Requests [List any information, meetings, reports, resources, access, permits, funds etc. that may be required]
A29: 5. Progress Comments [Describe general progress with respect to the overall project objectives as listed in the Scope Statement, what corrective action is being undertaken to get the project back on track etc.]
A35: 6. Activities for Review [List the activities which will continue or are scheduled to begin prior to the next Progress Meeting. These will be reviewed during the next Meeting]
D42: Project Manager Signature:
G43: ='Project Charter'!A42 -> 0
E44: Date:
A46: Status Indicators: | D46: On Track | F46: Off Track, Recoverable | I46: Off Track, Unrecoverable

Sheet Project Closeout Report
A1: Project Closeout Report | G1: Date
A2: Project Name | B2: ='Project Charter'!B2:F2 -> 0 | G2: Project No. | H2: ='Project Charter'!$H$2 -> 0
A3: 1. Evaluate the following:
A4: 1.1 Project Objectives [List how the project performed in terms of meeting the objectives - as outlined in the Scope Statement - under the headings, Time, Cost & Performance]
A10: 1.2 Project Deliverables [List how the project performed in terms of producing the delieverables - as outlined in the Scope Statement]
A16: 1.3 Communications [How were communications between the Project Team and other Stakeholders]
A22: 1.4 Procedures/Systems [How did the procedures, systems and processes work, eg. Did the Change Control System work, was the Scope Statement detail adequate?]
A28: 1.5 Project Management [Was the project managed well? Was the required documentation produced and available? Were identified resources available and adequately skilled/trained?]
A34: 2. What went well and could be implemented on future projects?
A40: 3. What could have been better and be improved on future projects?
D47: Project Manager Signature:
G48: ='Project Charter'!A42 -> 0
D49: Date:
D51: Sponsor Signature:
G52: ='Project Charter'!F42 -> 0
D53: Date:

Sheet Requirements Info
A1: Requirement Category | B1: Some Category Examples
A2: Functional requirements define what the solution must do | B2: Technical Behaviour
A3: Non-Functional requirements relate to system quality attributes | B3: Reliability, User Experience (UX)
A4: Business requirements define the outcomes the business needs to achieve | B4: Business As Usual (BAU), Profit Contribution, Efficiency Improvement, Waste Reduction
A5: Regulatory/Compliance requirements ensure adherence to mandatory rules | B5: Health & Safety, Security, Privacy
A6: Operational/Support requirements ensure ongoing service and continuity | B6: Training, FAQs, Guidelines, Short Term Support Desk

Sheet Risk Info
A17: Project Objective | B17: Impact Rating
B18: Very Low | C18: Low | D18: Moderate | E18: High | F18: Very High
B19: 1 | C19: 2 | D19: 3 | E19: 4 | F19: 5
A20: Cost | B20: Negligible cost increase | C20: < 5% cost increase | D20: 5 - 10% cost increase | E20: 10 - 20% cost increase | F20: > 20% cost increase
A21: Time | B21: Negligible schedule slippage | C21: Schedule slippage < 5% | D21: Schedule slippage 5 - 10% | E21: Schedule slippage 10 - 20% | F21: Schedule slippage > 20%
A22: Performance | B22: Negligible affect on performance | C22: Minor affects on performance | D22: Performance reduction requiring Sponsor/Client approval | E22: Performance reduction unacceptable to Sponsor/Client | F22: Product or deliverables unusable - 'Show Stopper'

Sheet Gantt Info
A1: About The Gantt Chart Template
A2: This template provides a simple way to create a Gantt chart to help visualize and track your project. Simply enter your tasks description, select a category of Goal, Milestone, On Track, Low Risk, Med Risk, High Risk, Progress as a percent of task completion, a Start Date and Number of days to complete the task. The Gantt chart fills in and is color coded to help distinguish the various categories. A scroll bar allows you to scroll through the timeline. Insert new tasks by inserting new rows.
A3: Guide for Screen Readers
A4: The instructions for each worksheet are in the A column starting in cell A1 of each worksheet. They are written with hidden text. Each step guides you through the information in that row. Each subsequent step continues in cell A2, A3, and so on, unless otherwise explicitly directed. For example, instruction text might say "continue to cell A6" for the next step. This hidden text will not print. To remove these instructions from the worksheet, simply delete column A.

Sheet Excel Tips
A1: 1 | B1: Project Name, Number and Project Manager
B3: Type the Project Name into Cell B2 on the Project Charter Template
B4: If applicable type the Project No. into Cell H2
B5: Type the Project Managers Name into Cell A42
B6: Type the Sponsors Name into Cell F42
A8: 2 | B8: To create more space in a document section (e.g. the Project Charter):
B10: If you wish to create additional space for text in a section of the Project Charter such as
B11: '1. Project Description':
B13: With the Mouse or Laptop Touch Pad, Click on a Row Number on the Left Hand Side of the
B14: spreadheet, Right Click and from the pop-up menu select Insert.
B23: This action gives you an additional Blank Row. Repeat to add more.
A25: 3 | B25: To create new lines of Text in a document section (e.g. the Project Charter):
B27: After typing text into a section you may wish to add additional information but on a new
B28: line. For example:
B35: To create a New line in a section, hold down the Alt key on the keyboard and press the
B36: Return or Enter key.
A38: 4 | B38: To recreate Calculated Cells with Conditional Formatting (e.g. Risk Measure Field in the Risk Register)
B40: After inserting additional rows to the Risk Register the Calculated and Conditional Formatted
B41: properties (Red, Amber, Green) need to be copied to your new row.
B43: Hover the mouse over the Fill Handle (the square in the bottom right-hand corner of a cell above
B44: the newly inserted row). When you see the 'Cross-Hairs' click and drag to the cell below.
B45: This action copies the formula and formatting from the selected cell to the cell below.

Sheet Lists
B1: Requirements Document | D1: Reqs Doc/Issue Log/Risk Register | F1: Stakeholder Register | G1: Project Progress Report
B2: Category | C2: Status | D2: Priority | E2: Open/Closed | F2: Category | G2: Status
B3: Business | C3: Draft | D3: Low | E3: Open | F3: Primary-Internal | G3: On Track
B4: Functional | C4: In Review | D4: Medium | E4: Closed | F4: Secondary-Internal | G4: Off Track, Recoverable
B5: Non-Functional | C5: Approved | D5: High | F5: Primary-External | G5: Off Track, Unrecoverable
B6: Operational Support | C6: Rejected | F6: Secondary-External
B7: Regulatory/Compliance | F7: Tertiary-External
